 Dungeon Crawl Stone Soup version 0.29-a0-1023-g6ae1a4a2c7 (webtiles) character file.

Game seed: 11423566877852482739

186 nickcage the Poker (level 5, -5/30 (38) HPs)
             Began as a Merfolk Gladiator on Aug 11, 2022.
             Slain by audacious124's ghost (6 damage)
             ... on level 3 of the Dungeon.
             The game lasted 00:08:19 (3079 turns).

nickcage the Poker (Merfolk Gladiator)              Turns: 3079, Time: 00:08:20

HP:   -5/30 (38)    AC: 14    Str: 16    XL:     5   Next: 66%
MP:   5/5           EV:  8    Int:  8    God:
Gold: 189           SH:  0    Dex: 15    Spells: 4/4 levels left

rFire   . . .      SeeInvis .   m - +0 halberd
rCold   . . .      Faith    .   (shield currently unavailable)
rNeg    . . .      Spirit   .   n - +2 storm dragon scales
rPois   .          Reflect  .   c - +0 helmet
rElec   +          Harm     .   (no cloak)
rCorr   .          Rampage  .   (no gloves)
Will    .....                   j - +0 pair of boots
Stlth   ..........              (no amulet)
HPRegen 0.10/turn               (no ring)
MPRegen 0.09/turn               (no ring)

@: heavily drained
A: (nimble swimmer 2), mertail
a: no special abilities


You were on level 3 of the Dungeon.
You visited 1 branch of the dungeon, and saw 3 of its levels.

You collected 189 gold pieces.

Inventory:

Hand Weapons
 a - a +1 trident
 k - a +0 lajatang
 m - a +0 halberd (weapon)
Missiles
 d - 3 throwing nets
 e - a javelin (quivered)
 r - 6 poisoned darts
Armour
 b - a +0 leather armour
 c - a +0 helmet (worn)
 h - a +0 ring mail
 j - a +0 pair of boots (worn)
 n - +2 storm dragon scales (worn)
Jewellery
 g - an amulet of faith
 q - a ring of protection from fire
Scrolls
 f - 2 scrolls of poison
 o - 4 scrolls of identify
 s - 3 scrolls of teleportation {unknown}
Potions
 i - a potion of cancellation
 l - 2 potions of degeneration {unknown}
 p - 3 potions of curing


   Skills:
 - Level 2.1 Fighting
 + Level 7.7 Polearms
 - Level 2.0 Throwing
 + Level 1.2 Armour
 - Level 4.0 Dodging


You had 4 spell levels left.
You didn't know any spells.
Your spell library was empty.

Dungeon Overview and Level Annotations

Branches:
Dungeon (3/15)

Altars:
Yredelemnul

Annotations:
D:3 audacious124's ghost, amateur DsHW


Innate Abilities, Weirdness & Mutations

((You are very nimble when in or above water. (Stealth+, EV+, Speed+++)))
Your lower body shifts to a powerful aquatic tail in water.


Message History

The orc hits you but does no damage. x2
You barely miss the orc.
The orc is moderately wounded.
The orc hits you but does no damage. x4
You slash the orc!
You kill the orc!
You hit the orc.
The orc is heavily wounded.
The orc barely misses you. x2
You hit the orc.
You kill the orc!
The orc shoots an arrow.
The arrow hits you but does no damage. The orc hits you but does no damage.
Okay, then.
You hit audacious124's ghost but do no damage.
The orc hits you but does no damage.
Audacious124's ghost hits you but does no damage.
You closely miss the orc.
The orc hits you with a +1 short sword of electrocution.
Audacious124's ghost closely misses you.
You hit the orc.
The orc is moderately wounded.
The orc hits you with a +1 short sword of electrocution.
Audacious124's ghost closely misses you.
You hit the orc.
The orc is heavily wounded.
The orc hits you but does no damage.
Audacious124's ghost hits you but does no damage.
You barely miss the orc.
The orc is heavily wounded.
The orc hits you with a +1 short sword of electrocution.
* * * LOW HITPOINT WARNING * * *
Audacious124's ghost hits you!
* * * LOW HITPOINT WARNING * * *
You closely miss the orc.
The orc is heavily wounded.
The orc barely misses you.
Audacious124's ghost hits you but does no damage.
The orc hits you but does no damage. Audacious124's ghost hits you.
You die...

###.....#.###_.8.#.'.............
........+.# [...#.).............
........#.# ....#.#.............
........#.# ..##..#.............
...###..#.# ..8#..#.W...........
...# ##.#.###..##..#.............
...# #.....#8.....#.)W..........
...# ##..##########8............
...#####.>......@Wo.....###......
................#o......# #......
##..............#.......# #......
#..............######### #######
#..............# #.........).####
#############


You could see audacious124's ghost and 2 orcs.

Vanquished Creatures
  An orc priest (D:3)
  An orc wizard (D:3)
  3 gnolls (D:3)
  3 adders (D:2)
  11 orcs (D:3)
  8 ball pythons
  An endoplasm (D:3)
  5 giant cockroaches
  6 goblins
  4 hobgoblins
  A quokka (D:3)
  12 bats
  2 frilled lizards (D:1)
  5 kobolds
  2 rats (D:2)
65 creatures vanquished.

Notes
Turn   | Place    | Note
-------+----------+-------------------------------------------
     0 | D:1      | nickcage the Merfolk Gladiator began the quest for the Orb.
     0 | D:1      | Reached XP level 1. HP: 16/16 MP: 1/1
   288 | D:1      | Reached XP level 2. HP: 22/22 MP: 2/2
   557 | D:1      | Reached skill level 5 in Polearms
  1003 | D:2      | Reached XP level 3. HP: 24/27 MP: 3/3
  1275 | D:2      | Reached skill level 6 in Polearms
  1473 | D:2      | Reached XP level 4. HP: 27/33 MP: 4/4
  2049 | D:3      | Reached skill level 7 in Polearms
  2049 | D:3      | Reached XP level 5. HP: 4/30 MP: 5/5
  2354 | D:3      | Found a basalt altar of Yredelemnul.
  2397 | D:3      | Reached skill level 1 in Armour
  2606 | D:3      | Found a runed translucent gate.
  2606 | D:3      | Noticed audacious124's ghost (amateur DsHW)
  2607 | D:3      | Found a runed translucent gate.
  2609 | D:3      | Found a runed translucent gate.
  2611 | D:3      | Identified the +1 ring mail "Onoet" {rPois Int+6 Dex-3}
  3078 | D:3      | HP: 1/30 [audacious124's ghost (7)]
  3079 | D:3      | Slain by audacious124's ghost

Illustrated notes

Levels and vault maps discovered:
D:1:      ncdulo_smallfort, layout_basic
D:2:      layout_basic
D:3:      layout_basic, mainiacjoe_overflow_brackets,
          biasface_ghost_orc_armoury, chequers_serial_rivers_micro_b

Skill      XL: |  1  2  3  4  5 |
---------------+----------------+-----
Polearms       | 5 6 7 |  7.7
Armour         | 1 |  1.2
Fighting       | |  2.1
Throwing       | |  2.0
Dodging        | |  4.0

Action                   |  1- 3 |  4- 6 || total
-------------------------+-------+-------++-------
Melee: Trident           |   110 |    65 ||   175
       Halberd           |       |    33 ||    33
  Use: Scroll            |     3 |     7 ||    10
Armor: Leather armour    |     6 |       ||     6
       Ring mail         |    21 |       ||    21
       Storm dragon scal |     4 |    56 ||    60
Dodge: Dodged            |    59 |    31 ||    90

Table legend: (Time is in decaauts)
 A = Elapsed time spent in this place.
 B = Non-inter-level travel time spent in this place.
 C = Inter-level travel time spent in this place.
 D = Time resting spent in this place.
 E = Time spent auto-exploring this place.
 F = Levels seen in this place.
 G = Mean time per level.
                   A        B        C        D        E       F      G
               +--------+--------+--------+--------+--------+-----+--------+
         Total |   3081 |   3036 |     45 |    379 |   2154 |   3 | 1027.0 |
       Dungeon |   3081 |   3036 |     45 |    379 |   2154 |   3 | 1027.0 |
               +--------+--------+--------+--------+--------+-----+--------+

Top non-repeatable levels by time:
     D:3: 1199 daAuts
     D:2: 973 daAuts
     D:1: 908 daAuts
